AoeStats
← Maty

MegaRandom

510243809Analyzed
4v4 RM · 2d ago on Sep 30, 2026· 43m 6s· 8 players
Game mode
Random Map
Map size
Large (8 player)
Population
200
Speed
Normal
Resources
Standard
Victory
Conquest
Starting age
Dark Age
Ending age
Imperial Age
RankedLock teamsTeams togetherTeam positionsShared explorationLock speedFull tech treeHidden civsTurbo modeCheats
Victory
Defeat
🇺🇸 Hindustanis · United States
1476
+18
🇨🇳 Slavs · China
1464
+18
🇪🇨 Bohemians · Ecuador
1447
+19
🇨🇳 Inca · China
1442
+19
🇦🇷 Bengalis · Argentina
1565
-20
🇦🇷 Muisca · Argentina
1537
-20
🇦🇷 Vietnamese · Argentina
1483
-17
🇦🇷 Aztecs · Argentina
1471
-17
Maty
0:30 Loom
9:39 Feudal Age
9:46 Feudal Age
9:54 Feudal Age
13:28 Castle Age
12:09 Double-Bit Axe
12:05 Horse Collar
15:29 Bow Saw
21:23 Heavy Plow
22:30 Fletching
25:15 Wheelbarrow
28:03 Chemistry
31:11 Imperial Age
29:45 Hand Cart
29:15 Town Watch
30:36 Padded Archer Armor
31:47 Leather Archer Armor
31:56 Ballistics
31:47 Masonry
33:14 Two-Man Saw
32:40 Conscription
32:43 Sanctity
35:13 Ring Archer Armor
35:16 Architecture
36:34 Scale Mail Armor
36:49 Siege Engineers
36:40 Murder Holes
36:28 Houfnice
37:25 Wagenburg Tactics
38:57 Chain Mail Armor
38:41 Bodkin Arrow
40:54 Guilds
41:16 Coinage
40:46 Caravan
Yucatan_water_supremacy
0:30 Loom
8:28 Feudal Age
9:12 Town Watch
9:19 Double-Bit Axe
9:20 Horse Collar
19:24 Castle Age
20:33 Scale Barding Armor
20:38 Fletching
36:52 Wheelbarrow
37:44 Chain Barding Armor
39:31 Husbandry
40:18 Forging
40:05 Gold Mining
44:00 Imperial Age
43:10 Hand Cart
120057903
0:37 Loom
9:10 Feudal Age
14:38 Castle Age
12:44 Double-Bit Axe
12:41 Horse Collar
12:48 Horse Collar
16:05 Bow Saw
16:23 Heavy Plow
24:02 Wheelbarrow
25:00 Hand Cart
25:15 Gold Mining
25:16 Stone Mining
28:52 Imperial Age
26:05 Pikeman
26:46 Squires
26:52 Scale Mail Armor
28:04 Arson
28:36 Chain Mail Armor
28:32 Forging
28:21 Town Watch
29:07 Andean Sling
28:56 Halberdier
29:59 Conscription
31:03 Fabric Shields
30:27 Champi Runner
32:22 Plate Mail Armor
32:12 Champi Warrior
33:28 Iron Casting
33:02 Elite Champi Warrior
35:27 Blast Furnace
37:26 Town Patrol
37:20 Fletching
39:01 Bodkin Arrow
39:56 Bracer
kwestes
0:34 Loom
8:10 Feudal Age
9:09 Double-Bit Axe
13:19 Fletching
14:23 Padded Archer Armor
21:00 Castle Age
19:06 Horse Collar
21:00 Crossbowman
21:36 Bodkin Arrow
26:55 Ballistics
32:14 Leather Archer Armor
33:20 Thumb Ring
39:08 Imperial Age
39:52 Wheelbarrow
39:08 Gold Mining
39:23 Heavy Plow
40:50 Chemistry
41:07 Scale Barding Armor
41:12 Forging
41:20 Heavy Camel Rider
42:01 Husbandry
43:03 Bloodlines
__24_Thorfin_Arg
0:33 Loom
8:16 Feudal Age
9:08 Double-Bit Axe
14:22 Town Watch
15:22 Horse Collar
18:03 Scale Barding Armor
20:48 Castle Age
19:28 Forging
20:43 Bloodlines
21:15 Gold Mining
22:00 Chain Barding Armor
21:07 Light Cavalry
21:48 Husbandry
25:07 Bow Saw
25:53 Iron Casting
26:04 Husbandry
28:24 Wheelbarrow
31:06 Hand Cart
34:22 Fletching
37:35 Imperial Age
35:16 Heavy Plow
35:28 Bodkin Arrow
36:55 Stone Mining
38:37 Elite Battle Elephant
39:53 Plate Barding Armor
42:46 Chatras
_38_VirusBox_Arg
0:31 Loom
8:18 Feudal Age
8:57 Double-Bit Axe
18:03 Fletching
18:53 Wheelbarrow
23:02 Castle Age
22:39 Champi Runner
23:19 Scale Mail Armor
23:27 Town Watch
23:24 Crossbowman
23:59 Bodkin Arrow
24:01 Champi Warrior
24:43 Squires
27:47 Chain Mail Armor
27:58 Forging
31:28 Iron Casting
31:53 Pikeman
33:07 Horse Collar
33:39 Bow Saw
40:32 Imperial Age
40:58 Hand Cart
_29_3ffect_Arg
0:30 Loom
10:32 Feudal Age
11:52 Double-Bit Axe
14:25 Castle Age
12:24 Horse Collar
14:16 Scale Mail Armor
14:26 Forging
14:46 Eagle Warrior
17:22 Squires
18:36 Fervor
20:11 Bow Saw
19:53 Gold Mining
23:04 Chain Mail Armor
24:32 Arson
25:05 Town Watch
25:59 Wheelbarrow
28:01 Iron Casting
32:18 Imperial Age
32:26 Elite Eagle Warrior
33:37 Plate Mail Armor
35:31 Blast Furnace
34:53 Conscription
35:27 Garland Wars
36:50 Onager
36:58 Onager
__90_Squall_Arg
0:34 Loom
8:14 Feudal Age
9:07 Double-Bit Axe
10:52 Town Watch
12:49 Fletching
20:43 Castle Age
19:09 Horse Collar
20:34 Padded Archer Armor
20:44 Crossbowman
21:20 Bodkin Arrow
21:59 Bow Saw
23:29 Wheelbarrow
27:43 Stone Mining
27:45 Gold Mining
28:43 Ballistics
32:08 Imperial Age
30:38 Leather Archer Armor
32:06 Bloodlines
31:57 Husbandry
32:27 Paiks
33:01 Gold Shaft Mining
32:47 Hand Cart
33:11 Bracer
34:46 Chemistry
35:03 Conscription
35:10 Elite Ratha (Ranged)
36:56 Ring Archer Armor
40:40 Scale Barding Armor
40:47 Forging
43:10 Chain Barding Armor
43:25 Iron Casting
Connection lost

Rejoining the realm…

Still unreachable

The connection could not be restored.

Session expired

The server has moved on; the page needs a fresh start.